 Dungeon Crawl Stone Soup version 0.19.1-1-g22dce08 (webtiles) character file.

1501 kae the Carver (level 8, -2/73 HPs)
             Began as a Minotaur Fighter on Jan 20, 2017.
             Killed from afar by a guardian serpent (12 damage)
             ... with a bolt of poison
             ... on level 2 of the Abyss.
             The game lasted 00:04:40 (4811 turns).

kae the Carver (Minotaur Fighter)                   Turns: 4811, Time: 00:04:40

Health: -2/73      AC: 10    Str: 28    XL:     8   Next: 52%
Magic:  16/16      EV:  7    Int:  5    God:
Gold:   314        SH: 10    Dex: 11    Spells: 0 memorised, 7 levels left

rFire  . . .     SeeInvis .     a - +1 long sword
rCold  . . .     Gourm    .     b - +1 scale mail
rNeg   . . .     Faith    .     c - +0 shield
rPois  .         Spirit   .     (helmet restricted)
rElec  .         Reflect  .     (no cloak)
rCorr  .         Harm     .     (no gloves)
MR     .....                    s - +0 pair of boots
Stlth  ..........               h - amulet of regeneration
                                q - ring of magical power
                                y - +6 ring of strength

@: lethally poisoned (-2 -> -5), about to teleport
A: retaliatory headbutt, horns 2
a: no special abilities


You were on level 2 of the Abyss.
You were not hungry.

You visited 2 branches of the dungeon, and saw 8 of its levels.
You visited the Abyss 1 time.

You collected 314 gold pieces.

Inventory:

Hand Weapons
 a - a +1 long sword (weapon)
Armour
 b - a +1 scale mail (worn)
 c - a +0 shield (worn)
 s - a +0 pair of boots (worn)
Jewellery
 e - an uncursed ring of fire
 h - an amulet of regeneration (around neck)
 q - a ring of magical power (right hand)
 u - an uncursed amulet of guardian spirit
 y - a +6 ring of strength (left hand)
 B - an uncursed ring of protection from cold
 D - an uncursed ring of protection from magic
Wands
 i - a wand of paralysis (18/24)
 z - a wand of paralysis (15/24)
 I - a wand of random effects (6/48)
 L - a wand of random effects (18/48)
Scrolls
 o - a scroll of amnesia
 t - 2 scrolls of fear
 J - a scroll of enchant armour
Potions
 d - 3 potions of might
 g - a potion of brilliance
 l - a potion of lignification {unknown}
 m - 2 potions of ambrosia {unknown}
 w - 3 potions of flight
 x - a potion of degeneration {unknown}
 E - a potion of haste {unknown}
 F - 2 potions of magic
Comestibles
 f - 4 bread rations
 p - 2 beef jerkies
 r - 4 slices of pizza
 v - 4 fruits
 A - 4 meat rations
 G - a royal jelly
 K - 5 chunks of flesh


   Skills:
 + Level 7.4 Fighting
 * Level 9.3 Long Blades
 + Level 7.3 Armour
 - Level 3.6 Shields


You had 7 spell levels left.
You didn't know any spells.

Dungeon Overview and Level Annotations

Branches:
Dungeon (7/15)             Temple (1/1) D:7

Altars:
Cheibriados
Dithmenos
Elyvilon
Fedhas
Gozag
Hepliaklqana
Kikubaaqudgha
Nemelex Xobeh
Qazlal
Ru
Sif Muna
Trog
Uskayaw
Xom
Yredelemnul
Zin
The Shining One

Annotations:
D:7 dscm's ghost, novice OpIE


Innate Abilities, Weirdness & Mutations

You reflexively headbutt those who attack you in melee.
You have a pair of horns on your head.


Message History

* * * LOW HITPOINT WARNING * * *
The starcursed mass engulfs you.
* * * LOW HITPOINT WARNING * * *
You feel sick.
The guardian serpent casts a spell at you.
You resist with significant effort. A chorus of shrieks assaults your mind.
* * * LOW HITPOINT WARNING * * *
Found a scale mail.
You feel better.
The guardian serpent coils itself and waves its upper body at you.
You resist with significant effort.
A starcursed mass splits.
As you read the scroll of teleportation, it crumbles to dust.
You feel strangely unstable.
You feel the power of the Abyss delaying your translocation!
The guardian serpent casts a spell at you.
The bolt of poison hits you!
You are poisoned.
You die...

# . ..#. #.#.#
#...## .#... #
##.#.[##.### ..#
#@#...#.. #.##S#..#
.# #XX..# .....
#X.#.##..#..#
###.###..#.. . #
.###.##.# .
#......#...#. .## .#
.#...#.##..##...##.#
.# ##.#.# #.ยง#.
..#..#..#


You could see 2 starcursed masses and a guardian serpent.

Vanquished Creatures
  The ghost of dscm the Sneak, an amateur OpEn (D:4)
  A sky beast (D:6)
  2 black bears (D:6)
  A necrophage (D:5)
  An ogre (D:7)
  The ghost of dscm the Sneak, an amateur OpEn (D:5)
  A bullfrog (D:7)
  A water moccasin zombie (D:3)
  3 scorpions (D:5)
  2 crimson imps (D:6)
  A bullfrog zombie (D:5)
  A bullfrog skeleton (D:7)
  3 hounds
  An iguana (D:6)
  4 orc wizards
  5 worker ants
  A howler monkey zombie (D:6)
  3 adders
  4 oozes
  An adder zombie (D:5)
  3 worms
  2 dart slugs
  3 leopard geckos
  5 orcs
  7 bats
  4 giant cockroaches
  9 goblins
  9 hobgoblins
  10 jackals
  2 quokkas
  3 frilled lizards
  A jackal skeleton (D:6)
  8 kobolds
  A quokka skeleton (D:5)
  6 rats
111 creatures vanquished.

Notes
Turn   | Place    | Note
-------+----------+-------------------------------------------
     0 | D:1      | kae the Minotaur Fighter began the quest for the Orb.
     0 | D:1      | Reached XP level 1. HP: 19/19 MP: 0/0
     6 | D:1      | Noticed a hound
     6 | D:1      | Noticed an iguana
     6 | D:1      | Noticed a rime drake
     7 | D:1      | Noticed a polar bear
     7 | D:1      | Noticed a swamp worm
    95 | D:1      | Reached XP level 2. HP: 27/27 MP: 1/1
   139 | D:1      | Reached skill level 3 in Long Blades
   692 | D:2      | Reached XP level 3. HP: 33/33 MP: 2/2
  1223 | D:2      | Reached XP level 4. HP: 40/40 MP: 3/3
  1384 | D:3      | Reached skill level 4 in Long Blades
  1500 | D:3      | Reached skill level 5 in Armour
  1508 | D:3      | Reached XP level 5. HP: 43/47 MP: 4/4
  1754 | D:3      | Found a basalt altar of Yredelemnul.
  1882 | D:4      | Noticed dscm's ghost (amateur OpEn)
  1918 | D:4      | Killed dscm's ghost
  1918 | D:4      | Reached skill level 5 in Fighting
  1918 | D:4      | Reached skill level 5 in Long Blades
  1918 | D:4      | Reached XP level 6. HP: 40/56 MP: 5/5
  2096 | D:4      | Reached skill level 6 in Long Blades
  2318 | D:4      | Found a shimmering altar of Xom.
  2398 | D:5      | Entered Level 5 of the Dungeon
  2510 | D:5      | Reached XP level 7. HP: 61/62 MP: 6/6
  2540 | D:5      | Reached skill level 7 in Long Blades
  2763 | D:5      | Noticed dscm's ghost (amateur OpEn)
  2771 | D:5      | Killed dscm's ghost
  3359 | D:6      | Reached skill level 8 in Long Blades
  3359 | D:6      | Reached XP level 8. HP: 46/71 MP: 7/7
  3414 | D:6      | Found a white marble altar of Elyvilon.
  3852 | D:5      | Found a white marble altar of Elyvilon.
  3852 | D:5      | Found a hide-covered altar of Uskayaw.
  4155 | D:7      | Reached skill level 9 in Long Blades
  4161 | D:7      | Found a staircase to the Ecumenical Temple.
  4320 | Temple   | Entered the Ecumenical Temple
  4529 | D:7      | Noticed dscm's ghost (novice OpIE)
  4748 | D:7      | Cast into level 2 of the Abyss (dscm's ghost)
  4797 | Abyss:2  | Noticed a starcursed mass
  4803 | Abyss:2  | Noticed a guardian serpent
  4808 | Abyss:2  | HP: 1/73 [starcursed mass/accursed screaming (8)]
  4811 | Abyss:2  | Killed from afar by a guardian serpent

Skill      XL: |  1  2  3  4  5  6  7  8 |
---------------+-------------------------+-----
Long Blades    | 3 4 5 6 8 9 |  9.3
Fighting       | 4 5 6 7 |  7.4
Armour         | 4 5 6 7 |  7.3
Shields        | |  3.6

Action                   |  1- 3 |  4- 6 |  7- 9 || total
-------------------------+-------+-------+-------++-------
Melee: Long sword        |   114 |   119 |   114 ||   347
       Headbutt          |    18 |    26 |    32 ||    76
  Use: Scroll            |       |     9 |     8 ||    17
       Potion            |       |       |     1 ||     1
  Eat: Chunk             |     1 |     4 |     8 ||    13
Armor: Scale mail        |    56 |    46 |    45 ||   147
Dodge: Dodged            |    34 |    44 |    25 ||   103
Block: Shield            |    67 |    56 |    59 ||   182
       Rpst.: Long sword |    13 |     8 |     5 ||    26
